 Dungeon Crawl Stone Soup version 0.18-a0-1405-g73f4075 (webtiles) character file.

16752 B1inky the Slicer (level 12, -5/74 HPs)
             Began as an Octopode Wizard on Feb 24, 2016.
             Was a Follower of Ashenzari.
             Slain by a polar bear (15 damage)
             ... in an ice cave.
             The game lasted 00:51:41 (17605 turns).

B1inky the Slicer (Octopode Wizard)                Turns: 17605, Time: 00:51:41

Health: -5/74      AC: 10    Str:  6    XL:     12   Next: 40%
Magic:  20/21      EV: 13    Int: 26    God:    Ashenzari [*.....]
Gold:   563        SH:  5    Dex: 10    Spells: 5 memorised, 12 levels left

rFire  x . .     SeeInvis .     o - +2 short sword (elec) (curse)
rCold  + . .     Gourm    .     Z - +0 buckler
rNeg   . . .     Faith    .     a - +0 hat (curse)
rPois  .         Spirit   .     (no amulet)
rElec  .         Dismiss  .     r - ring of stealth
rCorr  .         Reflect  .     n - ring of protection from magic
SustAt .         Harm     .     z - +6 ring of protection (curse)
MR     +....                    e - ring of ice
Stlth  +++++.....               (no ring)
                                (no ring)
                                (no ring)
                                (no ring)

@: somewhat resistant to hostile enchantments, quite stealthy
A: almost no armour, amphibious, 8 rings, constrict 8, antennae 1, icy blue
scales 1, thin metallic scales 1, camouflage 1, slow regeneration 1, gelatinous
body 1
a: Curse Item, Scrying, Renounce Religion


You were in an ice cave.
You worshipped Ashenzari.
Ashenzari was aware of your devotion.
You were not hungry.

You visited 2 branches of the dungeon, and saw 12 of its levels.
You also visited: Ice Cave.

You collected 803 gold pieces.
You spent 240 gold pieces at shops.

Inventory:

Hand Weapons
 f - a +0 dagger
 o - a cursed +2 short sword of electrocution (weapon)
Missiles
 I - 3 throwing nets (quivered)
Armour
 a - a cursed +0 hat (worn)
 Z - a +0 buckler (worn)
Jewellery
 e - a ring of ice (on tentacle)
 n - a ring of protection from magic (right tentacle)
 r - a ring of stealth (left tentacle)
 z - a cursed +6 ring of protection (on tentacle)
 E - an uncursed ring of fire
Wands
 A - a wand of random effects (22/48)
 F - a wand of polymorph (12/24)
 G - a wand of flame (27/48)
 V - a wand of slowing (12/48)
 Y - a wand of paralysis (17/24)
Scrolls
 h - 5 scrolls of teleportation
 i - 5 scrolls of magic mapping
 p - 2 scrolls of blinking {unknown}
 s - 4 scrolls of amnesia
 y - a scroll of random uselessness {unknown}
 C - a scroll of fear {unknown}
 D - 2 scrolls of fog
 H - 2 scrolls of enchant armour {unknown}
 Q - a scroll of identify
 R - 2 scrolls of noise {unknown}
 S - a scroll of enchant weapon {unknown}
 T - 3 scrolls of recharging
 X - a scroll of remove curse
Potions
 l - a potion of lignification
 m - a potion of heal wounds {unknown}
 v - 2 potions of agility
 w - a potion of ambrosia
 K - 2 potions of cancellation
 L - a potion of invisibility
 M - 3 potions of resistance
 O - a potion of flight {unknown}
 P - a potion of brilliance
 U - 2 potions of might {unknown}
 W - a potion of haste
Books
 b - a book of Minor Magic

   Spells                             Type                      Level
   a - Magic Dart                     Conjuration                  1
   b - Blink                          Translocation                2
   c - Call Imp                       Summoning                    2
   d - Repel Missiles                 Charms/Air                   2
   e - Slow                           Hexes                        2
   f - Conjure Flame                  Conjuration/Fire             3
   g - Mephitic Cloud                 Conjuration/Poison/Air       3
 J - a Grand Grimoire

   Spells                             Type                      Level
   a - Monstrous Menagerie            Summoning                    7
   b - Summon Greater Demon           Summoning                    7
   c - Malign Gateway                 Summoning/Translocation      7
   d - Summon Horrible Things         Summoning                    8
Comestibles
 c - 6 bread rations
 g - 15 beef jerkies
 k - 5 meat rations
 B - 9 fruits
 N - 7 royal jellies


   Skills:
 - Level 4.0 Fighting
 + Level 9.9 Short Blades
 - Level 5.1 Dodging
 - Level 6.0 Stealth
 - Level 5.0 Shields
 - Level 6.1 Spellcasting
 - Level 7.1 Conjurations
 - Level 7.2 Hexes
 - Level 1.0 Summonings
   Level 1.0 Translocations
 - Level 7.0 Fire Magic
 - Level 2.2 Air Magic
 - Level 6.5 Poison Magic


You had 12 spell levels left.
You knew the following spells:

 Your Spells              Type           Power        Failure   Level  Hunger
a - Magic Dart            Conj           ####         1%          1    None
b - Call Imp              Summ           ##......     10%         2    None
c - Mephitic Cloud        Conj/Pois/Air  #####...     2%          3    None
d - Conjure Flame         Conj/Fire      ###.....     1%          3    None
e - Slow                  Hex            #####...     1%          2    None


Dungeon Overview and Level Annotations

Branches:
Dungeon (11/15)            Temple (1/1) D:6
   Lair: D:8-11         Orc: D:9-12

Altars:
Ashenzari
Cheibriados
Dithmenos
Elyvilon
Fedhas
Gozag
Kikubaaqudgha
Makhleb
Nemelex Xobeh
Okawaru
Pakellas
Qazlal
Ru
Sif Muna
Trog
Vehumet
Xom
Yredelemnul
Zin
The Shining One

Shops:
D:4 %   D:7 ?


Innate Abilities, Weirdness & Mutations

You cannot wear most types of armour.
You are amphibious.
You can wear up to eight rings at the same time.
You can use your tentacles to constrict eight enemies at once.
Your skin changes colour to match your surroundings (Stealth).
Your rubbery body absorbs attacks (AC +1).
You have a pair of small antennae on your head.
You are partially covered in icy blue scales (AC +1).
You are partially covered in thin metallic scales (AC +2).
You regenerate slowly when monsters are visible.


Message History

You hit the death yak but do no damage.
The death yak is almost dead.
Unknown command.
You hit the death yak.
The death yak is almost dead.
The death yak is engulfed in roaring flames.
You kill the death yak!
Unknown command.
The polar bear is engulfed in roaring flames.
There is a fountain of sparkling water here.
The polar bear bites you! The polar bear barely misses you. x2
The polar bear bites you! The polar bear completely misses you.
The polar bear claws you. The polar bear bites you!
* * * LOW HITPOINT WARNING * * *
You block the polar bear's attack. x2
Drink which item? (? for menu, Esc to quit)
Okay, then.
The polar bear bites you!
You die...

####...## ###..
##...#### ###
###....#######
###...#....#### ###
###....##...##
##.###### #########..#
###.#.#...## ###...##
#.§###...h.# ##....##
###{.###@#.#####....##
#Y§.##..#####.....###
#Yhh###.†####.....##


#.hCY ##...#....### ##... ###....### ###. #####.(# $. #.## }# ### You could see
a polar bear.

Vanquished Creatures
  3 death yaks (IceCv)
  The ghost of namelastname112 the Destroyer, a novice DrCj of Dithmenos (D:7)
  Joseph (D:9)
  An ice statue (IceCv)
  Psyche (D:8)
  2 tengu conjurers (D:10)
  A komodo dragon (D:7)
  13 polar bears (IceCv)
  A two-headed ogre (D:8)
  2 trolls (D:10)
  Prince Ribbit (D:5)
  Sigmund (D:2)
  A wyvern (D:10)
  15 yaks
  A hippogriff (D:7)
  Menkaure (D:5)
  2 steam dragons (D:7)
  Edmund (D:6)
  14 wolves (IceCv)
  A water moccasin (D:10)
  Duvessa (D:5)
  A soldier ant (D:9)
  2 ice beasts
  3 orc warriors
  4 wasps
  A necrophage (D:6)
  2 sky beasts
  10 ogres
  2 phantoms
  3 centaurs
  2 big kobolds
  5 giant frogs
  Dowan (D:5)
  5 scorpions
  3 killer bees (D:10)
  A howler monkey (D:7)
  A crimson imp (D:10)
  3 giant frog zombies
  A centaur zombie (D:10)
  3 jellies
  A gnoll shaman (D:7)
  2 hounds
  4 orc priests
  8 orc wizards
  Jessica (D:2)
  A giant frog skeleton (D:7)
  3 iguanas
  3 worker ants
  A killer bee zombie (D:9)
  A hound zombie (D:7)
  A worker ant zombie (D:6)
  Robin (D:2)
  10 gnolls
  A howler monkey skeleton (D:9)
  3 river rats (D:10)
  14 adders
  A shadow imp (D:8)
  2 oozes
  An adder skeleton (D:4)
  3 worms
  5 dart slugs
  3 giant geckos
  22 orcs
  2 giant cockroaches
  10 goblins
  7 hobgoblins
  8 jackals
  19 kobolds
  5 quokkas
  2 bats (D:2)
  A giant gecko skeleton (D:7)
  4 giant newts
  A jackal zombie (D:8)
  A quokka skeleton (D:4)
  9 rats
279 creatures vanquished.

Vanquished Creatures (collateral kills)
  A killer bee (D:11)
1 creature vanquished.

Grand Total: 280 creatures vanquished

Notes
Turn   | Place    | Note
--------------------------------------------------------------
     0 | D:1      | B1inky the Octopode Wizard began the quest for the Orb.
     0 | D:1      | Reached XP level 1. HP: 11/11 MP: 4/4
   239 | D:1      | Reached XP level 2. HP: 10/17 MP: 0/6
   943 | D:1      | Learned a level 2 spell: Call Imp
  1245 | D:1      | Reached XP level 3. HP: 21/21 MP: 3/7
  1484 | D:2      | Learned a level 3 spell: Mephitic Cloud
  1688 | D:2      | Reached skill level 1 in Short Blades
  1694 | D:2      | Noticed Robin
  1700 | D:2      | Killed Robin
  1702 | D:2      | Reached XP level 4. HP: 27/27 MP: 2/8
  1727 | D:2      | Noticed Sigmund
  1770 | D:2      | Killed Sigmund
  1770 | D:2      | Reached skill level 4 in Short Blades
  1770 | D:2      | Reached XP level 5. HP: 17/31 MP: 6/9
  1930 | D:2      | Reached XP level 6. HP: 36/36 MP: 7/10
  2137 | D:2      | Noticed Jessica
  2142 | D:2      | Killed Jessica
  2142 | D:2      | Reached skill level 5 in Short Blades
  2539 | D:3      | Reached skill level 1 in Poison Magic
  3749 | D:4      | Found a radiant altar of Vehumet.
  3780 | D:4      | Found a shadowy altar of Dithmenos.
  3828 | D:4      | Reached XP level 7. HP: 22/41 MP: 4/11
  4108 | D:4      | Reached skill level 1 in Fighting
  4213 | D:4      | Found an opulent altar of Gozag.
  4427 | D:4      | Found Zicroup's Food Shop.
  4534 | D:4      | Learned a level 3 spell: Conjure Flame
  4543 | D:4      | Learned a level 2 spell: Slow
  4555 | D:5      | Entered Level 5 of the Dungeon
  4555 | D:5      | Noticed Duvessa
  4555 | D:5      | Noticed Dowan
  4563 | D:5      | Killed Dowan
  4692 | D:5      | Noticed Menkaure
  4716 | D:5      | Found a bloodstained altar of Trog.
  4850 | D:5      | Killed Menkaure
  4850 | D:5      | Reached XP level 8. HP: 54/54 MP: 12/12
  4889 | D:5      | Noticed Prince Ribbit
  4891 | D:5      | Killed Prince Ribbit
  5081 | D:5      | Killed Duvessa
  5552 | D:5      | Found a bloodstained altar of Trog.
  5979 | D:6      | Found a staircase to the Ecumenical Temple.
  5988 | Temple   | Entered the Ecumenical Temple
  6298 | D:6      | Found a sacrificial altar of Ru.
  6466 | D:6      | Noticed Edmund
  6483 | D:6      | Killed Edmund
  6727 | D:6      | Reached skill level 5 in Dodging
  6727 | D:6      | Reached XP level 9. HP: 47/57 MP: 1/13
  6932 | D:6      | Gained mutation: Scrolls take you a little longer to read. [mutagenic meat]
  6933 | D:6      | Gained mutation: You have a pair of small antennae on your head. [mutagenic meat]
  6934 | D:6      | Gained mutation: You regenerate slowly when monsters are visible. [mutagenic meat]
  6935 | D:6      | Gained mutation: You are partially covered in icy blue scales (AC +1). [mutagenic meat]
  7227 | D:7      | Reached skill level 5 in Conjurations
  7228 | D:7      | Noticed a komodo dragon
  7533 | D:7      | Noticed namelastname112's ghost (novice DrCj)
  7554 | D:7      | Killed namelastname112's ghost
  7881 | D:7      | Killed a komodo dragon
  8001 | D:7      | Reached skill level 6 in Short Blades
  8048 | D:7      | Lost mutation: Scrolls take you a little longer to read. [mutagenic meat]
  8049 | D:7      | Gained mutation: You are partially covered in thin metallic scales (AC +2). [mutagenic meat]
  8186 | D:7      | Found Giub's Magic Scroll Shoppe.
  8214 | D:7      | Bought a scroll of recharging for 114 gold pieces
  8214 | D:7      | Bought a scroll of identify for 24 gold pieces
  8214 | D:7      | Bought a scroll of identify for 24 gold pieces
  8214 | D:7      | Bought a scroll of teleportation for 36 gold pieces
  8214 | D:7      | Bought a scroll of immolation for 42 gold pieces
  8297 | D:7      | Reached skill level 5 in Stealth
  8611 | D:7      | Reached XP level 10. HP: 63/63 MP: 9/14
  9228 | D:8      | Reached skill level 5 in Spellcasting
  9380 | D:8      | Noticed Psyche
  9405 | D:8      | Killed Psyche
  9539 | D:8      | Found a shattered altar of Ashenzari.
  9542 | D:8      | Became a worshipper of Ashenzari the Shackled
  9908 | D:9      | Noticed Joseph
  9929 | D:9      | Killed Joseph
  9933 | D:9      | Reached skill level 5 in Fire Magic
 10505 | D:9      | Reached * piety under Ashenzari
 10925 | D:10     | Entered Level 10 of the Dungeon
 11368 | D:10     | Reached skill level 5 in Poison Magic
 11396 | D:10     | Reached XP level 11. HP: 36/69 MP: 15/20
 11623 | D:10     | Reached skill level 1 in Shields
 12962 | D:10     | Reached skill level 5 in Shields
 13560 | D:11     | Found a frozen archway.
 13564 | IceCv    | Entered an ice cave
 13649 | IceCv    | Noticed a death yak
 13936 | IceCv    | Reached skill level 5 in Hexes
 14215 | IceCv    | Killed a death yak
 14536 | IceCv    | Reached skill level 7 in Short Blades
 14623 | IceCv    | Reached XP level 12. HP: 74/74 MP: 13/21
 15906 | IceCv    | HP: 2/74 [something] (7)]
 16527 | IceCv    | Reached skill level 8 in Short Blades
 16878 | IceCv    | Noticed a death yak
 17110 | IceCv    | Killed a death yak
 17110 | IceCv    | Reached skill level 9 in Short Blades
 17444 | IceCv    | Noticed a death yak
 17444 | IceCv    | Noticed a frost giant
 17594 | IceCv    | Killed a death yak
 17605 | IceCv    | Slain by a polar bear

Vault maps used:
D:1:      dpeg_arrival_tiny_k
D:2:      uniq_robin, uniq_sigmund, uniq_jessica
D:3:      dk_vineyard_1, fountainhead
D:4:      grunt_gozag_statues, kennysheep_little_box, serial_shops,
          nicolae_shop_stone, first_bread, minmay_misc_feat_encased,
          nicolae_dithmenos_shadow_blocks
D:5:      overflow_temple_1_default, minmay_misc_feat_x, uniq_prince_ribbit1,
          uniq_duvessa, uniq_menkaure
D:6:      nicolae_ru_the_path_less_chosen, minmay_temple_entry_junction,
          uniq_edmund
D:7:      kennysheep_steamy, serial_shops, shop
D:8:      kennysheep_mini_moat, uniq_psyche
D:9:      hangedman_pestilent_swarm, uniq_joseph
D:10:     pond
D:11:     lemuel_bear_cage, minmay_lair_entry_grove,
          portal_ice_cave_entry_pillars_02
Temple:   eino_wide_crystal_templ_15
IceCv:    ice_cave_caverns_01

Skill      XL: |  1  2  3  4  5  6  7  8  9 10 11 12 |
---------------+-------------------------------------+-----
Conjurations   | 2 3 7 |  7.1
Short Blades   | 1 4 5 6 7 9 |  9.9
Poison Magic   | 3 5 6 |  6.5
Air Magic      | 2 |  2.2
Fighting       | 4 |  4.0
Fire Magic     | 2 4 7 |  7.0
Hexes          | 3 7 |  7.2
Dodging        | 5 |  5.1
Stealth        | 6 |  6.0
Spellcasting   | 6 |  6.1
Shields        | 5 |  5.0
Summonings     | |  1.0
Translocations | |  1.0

Action                   |  1- 3 |  4- 6 |  7- 9 | 10-12 || total
-------------------------+-------+-------+-------+-------++-------
Melee: Dagger            |     3 |       |       |       ||     3
       Short sword       |    17 |    37 |   127 |   557 ||   738
 Cast: Magic Dart        |    54 |    83 |   152 |   271 ||   560
       Call Imp          |     1 |       |       |     1 ||     2
       Mephitic Cloud    |       |     2 |    17 |    21 ||    40
       Conjure Flame     |       |       |     4 |    19 ||    23
       Slow              |       |       |       |    20 ||    20
Invok: Curse Item        |       |       |       |     3 ||     3
Evoke: Wand              |       |       |       |     5 ||     5
  Use: Scroll            |       |     1 |    10 |     5 ||    16
       Potion            |       |       |     1 |     6 ||     7
 Stab: Confused          |       |     1 |     5 |     8 ||    14
       Sleeping          |       |     1 |     3 |    13 ||    17
       Distracted        |       |       |     1 |       ||     1
       Invisible         |       |       |       |     3 ||     3
  Eat: Chunk             |     2 |     7 |    17 |    21 ||    47
       Royal jelly       |       |       |     1 |     3 ||     4
       Pizza             |       |       |     1 |       ||     1
       Fruit             |       |       |     3 |     3 ||     6
